 Dungeon Crawl Stone Soup version 0.23-b1-6-ga921848b48 (webtiles) character file.

Game seed: 15208298930723642513

81 Kohma the Ruffian (level 4, -2/38 (40) HPs)
             Began as a Ghoul Monk on Feb 2, 2019.
             Slain by a gnoll (6 damage)
             ... on level 2 of the Dungeon.
             The game lasted 00:03:33 (1568 turns).

Kohma the Ruffian (Ghoul Monk)                      Turns: 1568, Time: 00:03:34

HP:   -2/38 (40)    AC:  8    Str: 15    XL:     4   Next: 40%
MP:   3/3           EV:  7    Int:  5    God:
Gold: 72            SH:  0    Dex: 11    Spells: 3/3 levels left

rFire    . . .     SeeInvis .     - Unarmed
rCold    + . .     Gourm    .   (no shield)
rNeg     + + +     Faith    .   e - +0 chain mail
rPois    ∞         Spirit   .   (no helmet)
rElec    .         Reflect  .   (no cloak)
rCorr    .         Harm     .   (no gloves)
MR       .....                  (no boots)
Stlth    ..........             (no amulet)
HPRegen  0.00/turn              (no ring)
MPRegen  0.08/turn              (no ring)

@: rotting
A: rotting body, claws 1, carnivore, cold resistance 1, negative energy
resistance 3, inhibited regeneration, torment resistance, unbreathing
a: no special abilities


You were on level 2 of the Dungeon.
You were not hungry.

You visited 1 branch of the dungeon, and saw 2 of its levels.

You collected 72 gold pieces.

Inventory:

Armour
 e - a +0 chain mail (worn)
Scrolls
 a - a scroll of random uselessness {unknown}
 c - 2 scrolls of fear {unknown}
 d - a scroll of noise {unknown}
 f - a scroll of enchant weapon {unknown}
 g - 2 scrolls of identify {unknown}
 k - a scroll of fog {unknown}
Potions
 h - 2 potions of heal wounds {unknown}
 j - a potion of curing {unknown}
Comestibles
 b - 3 rations


   Skills:
 + Level 4.1 Fighting
 - Level 2.6 Dodging
 - Level 2.1 Stealth
 * Level 4.9 Unarmed Combat


You had 3 spell levels left.
You didn't know any spells.
Your spell library was empty.

Dungeon Overview and Level Annotations

Branches:
Dungeon (2/15)

Altars:


Innate Abilities, Weirdness & Mutations

Your body is rotting away.
You thrive on raw meat.
You are immune to poison.
You have sharp fingernails.
You are carnivorous and can eat meat at any time.
Your flesh is cold resistant. (rC+)
You are immune to negative energy. (rN+++)
You do not regenerate when monsters are visible.
You are immune to unholy pain and torment.
You can survive without breathing.


Message History

You claw the gnoll!
The gnoll is almost dead.
The gnoll hits you with a +0 whip.
* * * LOW HITPOINT WARNING * * *
You scratch the gnoll.
You kill the gnoll!
You scratch the gnoll.
The gnoll is moderately wounded.
The gnoll hits you.
* * * LOW HITPOINT WARNING * * *
You scratch the gnoll but do no damage.
The gnoll is moderately wounded.
The gnoll hits you but does no damage.
You closely miss the gnoll.
The gnoll is moderately wounded.
The gnoll barely misses you.
You barely miss the gnoll.
The gnoll is moderately wounded.
The gnoll hits you.
You die...

#.# #g# ######## #.# .......#
#g# ######.# #.# .......# #.#
#####..## #.# ### ### #
#.....# ##.###g## ##.##
###.#...# ##...#@#.## ##...##
........###.....###)###.....##
###.#.#.............ggg..<...#
......#######.#.###.###.....##
###.### #.##.#.## ##...##
###.#### #.###.## ##.##
.......# ##'##### #.# .##.##.#
##...## #.# .##.##.# ##.....##
###.###


You could see a gnoll.

Vanquished Creatures
  3 gnolls (D:2)
  3 adders (D:2)
  A leopard gecko (D:1)
  3 bats
  2 giant cockroaches
  3 goblins
  2 hobgoblins (D:1)
  4 jackals (D:2)
  2 kobolds
  A frilled lizard (D:1)
  2 rats (D:1)
26 creatures vanquished.

Notes
Turn   | Place    | Note
-------+----------+-------------------------------------------
     0 | D:1      | Kohma the Ghoul Monk began the quest for the Orb.
     0 | D:1      | Reached XP level 1. HP: 19/19 MP: 0/0
   251 | D:1      | Reached XP level 2. HP: 20/26 MP: 1/1
   733 | D:2      | Reached XP level 3. HP: 19/33 MP: 2/2
  1217 | D:2      | Reached XP level 4. HP: 26/40 MP: 3/3
  1568 | D:2      | Slain by a gnoll

Skill      XL: |  1  2  3 |
---------------+----------+-----
Unarmed Combat | 4 |  4.9
Fighting       | 4 |  4.1
Dodging        | |  2.6
Stealth        | |  2.1

Action                   |  1- 3 |  4- 6 || total
-------------------------+-------+-------++-------
Melee: Unarmed           |   108 |    23 ||   131
       Punch             |     2 |       ||     2
 Stab: Sleeping          |     1 |       ||     1
  Eat: Chunk             |     5 |       ||     5
Armor: Robe              |     5 |       ||     5
       Chain mail        |    56 |    16 ||    72
Dodge: Dodged            |    41 |    13 ||    54
